 Dungeon Crawl Stone Soup version 0.27-a0-1280-g9d2d252d84 (webtiles) character file.

Game seed: 3846267383143750729

356 BlueGoblin the Shield-Bearer (level 6, -16/53 HPs)
             Began as a Gnoll Fighter on June 13, 2021.
             Demolished by an ogre (21 damage)
             ... on level 4 of the Dungeon.
             The game lasted 00:07:48 (3918 turns).

BlueGoblin the Shield-Bearer (Gnoll Fighter)        Turns: 3918, Time: 00:07:49

Health: -16/53     AC: 14    Str: 18    XL:     6   Next: 63%
Magic:  9/9        EV:  4    Int:  7    God:
Gold:   227        SH: 10    Dex: 11    Spells: 9/9 levels left

rFire    . . .     SeeInvis .   a - +0 long sword
rCold    . . .     Faith    .   c - +0 kite shield
rNeg     . . .     Spirit   .   i - +0 plate armour
rPois    .         Reflect  .   (no helmet)
rElec    .         Harm     .   h - +0 cloak
rCorr    .         Rampage  .   (no gloves)
Will     .....                  (no boots)
Stlth    ..........             (no amulet)
HPRegen  0.17/turn              (no ring)
MPRegen  0.11/turn              (no ring)

@: no status effects
A: fangs 1, strong nose, distributed training
a: no special abilities


You were on level 4 of the Dungeon.
You visited 1 branch of the dungeon, and saw 4 of its levels.

You collected 227 gold pieces.

Inventory:

Hand Weapons
 a - a +0 long sword (weapon)
 t - a +4 quarterstaff of chaos
Missiles
 r - 11 boomerangs (quivered)
Armour
 c - a +0 kite shield (worn)
 h - a +0 cloak (worn)
 i - a +0 plate armour (worn)
Magical Staves
 f - a staff of fire
Jewellery
 n - a ring of see invisible
Scrolls
 b - a scroll of fear {unknown}
 e - 10 scrolls of identify
 g - 4 scrolls of teleportation
 k - 4 scrolls of magic mapping {unknown}
 m - 3 scrolls of noise
 o - a scroll of holy word {unknown}
 p - a scroll of amnesia {unknown}
 q - a scroll of summoning {unknown}
 v - a scroll of enchant armour {unknown}
Potions
 d - a potion of haste {unknown}
 j - a potion of cancellation {unknown}
 l - a potion of attraction {unknown}
 s - 2 potions of heal wounds {unknown}
 u - a potion of flight {unknown}


   Skills:
 + Level 6.8 Fighting
 + Level 2.0 Short Blades
 + Level 5.0 Long Blades
 + Level 2.0 Axes
 + Level 2.0 Maces & Flails
 + Level 2.0 Polearms
 + Level 2.0 Staves
 + Level 2.0 Slings
 + Level 2.0 Bows
 + Level 2.0 Crossbows
 + Level 2.0 Throwing
 + Level 6.8 Armour
 + Level 2.0 Dodging
 + Level 2.0 Stealth
 + Level 6.8 Shields
 + Level 2.0 Unarmed Combat
 + Level 2.0 Spellcasting
 + Level 1.6 Conjurations
 + Level 1.6 Hexes
 + Level 1.6 Summonings
 + Level 1.6 Necromancy
 + Level 1.6 Translocations
 + Level 1.6 Transmutations
 + Level 1.6 Fire Magic
 + Level 1.6 Ice Magic
 + Level 1.6 Air Magic
 + Level 1.6 Earth Magic
 + Level 1.6 Poison Magic
 + Level 2.2 Invocations
 + Level 2.0 Evocations


You had 9 spell levels left.
You didn't know any spells.
Your spell library was empty.

Dungeon Overview and Level Annotations

Branches:
Dungeon (4/15)
 Temple: D:4-7

Altars:


Innate Abilities, Weirdness & Mutations

You have very sharp teeth.
Your uncanny sense of smell can sniff out nearby items.
Your experience applies equally to all skills.


Message History

The hound is almost dead.
The hound bites you. You block the hound's attack.
You barely miss the hound.
The hound is severely wounded.
You block the hound's attack. The hound bites you but does no damage.
You barely miss the hound.
The hound is severely wounded.
The hound bites you but does no damage. You block the hound's attack.
You slash the hound!
You kill the hound!
You block the adder's attack.
You slash the adder!
The adder is severely wounded.
The adder bites you.
You are poisoned.
The adder poisons you!
You hit the adder.
You kill the adder!
You feel sick.
You hit the ogre. You bite the ogre.
The ogre is lightly wounded.
You feel sick. The ogre completely misses you.
You hit the ogre.
The ogre is moderately wounded.
You feel sick.
The ogre hits you with a +0 giant spiked club!!
Your shield prevents you from hitting the ogre.
The ogre is moderately wounded.
You feel sick.
You are no longer poisoned.
The ogre hits you with a +0 giant spiked club!
* * * LOW HITPOINT WARNING * * *
Unknown command.
You see here a hobgoblin corpse.
There is an open door here.
Things that are here:
an iguana corpse; an adder corpse
There is a stone staircase leading up here.
The ogre hits you with a +0 giant spiked club!!
You die...

... #.# #.# #.#
. #+#+###.# ...
#.......##.....
###.##.........
#.########
#.#@# #.#O#
#†#S# #S#.#
######'#†#
#........#
#........#
#........#
+.........


You could see an ogre and a ball python.

Vanquished Creatures
  A hound (D:4)
  An orc priest (D:3)
  Crazy Yiuf (D:2)
  An iguana (D:4)
  Natasha (thrice) (D:2)
  A hound skeleton (D:4)
  6 adders
  A worm (D:3)
  2 dart slugs
  12 orcs
  6 ball pythons
  6 bats
  5 endoplasms
  A giant cockroach (D:2)
  2 goblins
  10 hobgoblins
  7 jackals (D:2)
  4 quokkas
  2 frilled lizards
  8 kobolds
  4 rats
84 creatures vanquished.

Vanquished Creatures (others)
  3 fungi (D:2)
  5 toadstools (D:2)
8 creatures vanquished.

Grand Total: 92 creatures vanquished

Notes
Turn   | Place    | Note
-------+----------+-------------------------------------------
     0 | D:1      | BlueGoblin the Gnoll Fighter began the quest for the Orb.
     0 | D:1      | Reached XP level 1. HP: 23/23 MP: 1/1
   431 | D:1      | Found a faded altar of an unknown god.
   458 | D:1      | Reached XP level 2. HP: 29/29 MP: 2/2
  1286 | D:2      | Noticed Natasha
  1302 | D:2      | Killed Natasha
  1303 | D:2      | Reached skill level 1 in Invocations
  1303 | D:2      | Reached XP level 3. HP: 32/35 MP: 2/4
  1455 | D:2      | Noticed Natasha
  1460 | D:2      | Killed Natasha
  1461 | D:2      | Reached skill level 1 in Short Blades
  1461 | D:2      | Reached skill level 1 in Axes
  1461 | D:2      | Reached skill level 1 in Maces & Flails
  1461 | D:2      | Reached skill level 1 in Polearms
  1461 | D:2      | Reached skill level 1 in Staves
  1461 | D:2      | Reached skill level 1 in Slings
  1461 | D:2      | Reached skill level 1 in Bows
  1461 | D:2      | Reached skill level 1 in Crossbows
  1461 | D:2      | Reached skill level 1 in Throwing
  1461 | D:2      | Reached skill level 1 in Dodging
  1461 | D:2      | Reached skill level 1 in Stealth
  1461 | D:2      | Reached skill level 1 in Unarmed Combat
  1461 | D:2      | Reached skill level 1 in Spellcasting
  1461 | D:2      | Reached skill level 1 in Evocations
  1461 | D:2      | Reached XP level 4. HP: 39/41 MP: 5/5
  1617 | D:2      | Noticed Natasha
  1629 | D:2      | Killed Natasha
  1630 | D:2      | Reached skill level 1 in Conjurations
  1630 | D:2      | Reached skill level 1 in Hexes
  1630 | D:2      | Reached skill level 1 in Summonings
  1630 | D:2      | Reached skill level 1 in Necromancy
  1630 | D:2      | Reached skill level 1 in Translocations
  1630 | D:2      | Reached skill level 1 in Transmutations
  1630 | D:2      | Reached skill level 1 in Fire Magic
  1630 | D:2      | Reached skill level 1 in Ice Magic
  1630 | D:2      | Reached skill level 1 in Air Magic
  1630 | D:2      | Reached skill level 1 in Earth Magic
  1630 | D:2      | Reached skill level 1 in Poison Magic
  1762 | D:2      | You fall into a shaft and drop 1 floor!
  1812 | D:2      | Reached XP level 5. HP: 47/47 MP: 5/7
  2181 | D:2      | Found a runed translucent door.
  2182 | D:2      | Noticed Crazy Yiuf
  2189 | D:2      | Killed Crazy Yiuf
  2889 | D:3      | Reached XP level 6. HP: 37/53 MP: 8/8
  3791 | D:4      | Reached skill level 5 in Long Blades
  3902 | D:4      | HP: 2/53 [ogre (17)]
  3918 | D:4      | Demolished by an ogre

Illustrated notes

Levels and vault maps discovered:
D:1:      psy_arrival_wood_between_worlds, layout_basic,
          hellmonk_ecumenical_altar_inner_sanctum, interstate_on_off,
          minmay_hedge_maze, kennysheep_crisscross
D:2:      layout_rooms, minmay_gold_behind_fungi, minmay_joined_circles,
          uniq_natasha, uniq_crazy_yiuf_cottage
D:3:      minmay_recursive_quarters, layout_loops_corners,
          minmay_misc_feat_rows, kennysheep_nub, nrook_campfire
D:4:      layout_basic

Skill      XL: |  1  2  3  4  5  6 |
---------------+-------------------+-----
Invocations    | 1 2 |  2.2
Short Blades   | 1 2 |  2.0
Axes           | 1 2 |  2.0
Maces & Flails | 1 2 |  2.0
Polearms       | 1 2 |  2.0
Staves         | 1 2 |  2.0
Slings         | 1 2 |  2.0
Bows           | 1 2 |  2.0
Crossbows      | 1 2 |  2.0
Throwing       | 1 2 |  2.0
Dodging        | 1 2 |  2.0
Stealth        | 1 2 |  2.0
Unarmed Combat | 1 2 |  2.0
Spellcasting   | 1 2 |  2.0
Evocations     | 1 2 |  2.0
Conjurations   | 1 |  1.6
Hexes          | 1 |  1.6
Summonings     | 1 |  1.6
Necromancy     | 1 |  1.6
Translocations | 1 |  1.6
Transmutations | 1 |  1.6
Fire Magic     | 1 |  1.6
Ice Magic      | 1 |  1.6
Air Magic      | 1 |  1.6
Earth Magic    | 1 |  1.6
Poison Magic   | 1 |  1.6
Long Blades    | 5 |  5.0
Fighting       | |  6.8
Armour         | |  6.8
Shields        | |  6.8

Action                   |  1- 3 |  4- 6 || total
-------------------------+-------+-------++-------
Melee: Long sword        |    67 |   230 ||   297
       Bite              |     8 |    20 ||    28
Throw: Boomerang         |       |     6 ||     6
  Use: Scroll            |     1 |     1 ||     2
       Potion            |       |     1 ||     1
Armor: Scale mail        |    24 |       ||    24
       Plate armour      |    16 |   123 ||   139
Dodge: Dodged            |    12 |    41 ||    53
Block: Kite shield       |    39 |   141 ||   180
       Rpst.: Long sword |     4 |    10 ||    14

Table legend: (Time is in decaauts)
 A = Elapsed time spent in this place.
 B = Non-inter-level travel time spent in this place.
 C = Inter-level travel time spent in this place.
 D = Time resting spent in this place.
 E = Time spent auto-exploring this place.
 F = Levels seen in this place.
 G = Mean time per level.
                   A        B        C        D        E       F      G
               +--------+--------+--------+--------+--------+-----+--------+
         Total |   4023 |   3872 |    151 |    580 |   2450 |   4 | 1005.8 |
       Dungeon |   4023 |   3872 |    151 |    580 |   2450 |   4 | 1005.8 |
               +--------+--------+--------+--------+--------+-----+--------+

Top non-repeatable levels by time:
     D:3: 1442 daAuts
     D:2: 1249 daAuts
     D:1: 1163 daAuts
     D:4: 167 daAuts
